 Dungeon Crawl Stone Soup version 0.26-a0-651-gb41185065b (webtiles) character file.

Game seed: 16816398412334332558

3668 Flugslaktarn the Cleaver (level 9, 18/88 HPs)
             Began as a Deep Dwarf Fighter on Oct 8, 2020.
             Quit the game on level 8 of the Dungeon.
             The game lasted 00:02:52 (4883 turns).

Flugslaktarn the Cleaver (Deep Dwarf Fighter)       Turns: 4883, Time: 00:02:53

Health: 18/88      AC:  9    Str: 21    XL:     9   Next: 89%
Magic:  0/0        EV: 11    Int:  9    God:
Gold:   394        SH: 10    Dex: 14    Spells: 8/8 levels left

rFire    . . .     SeeInvis .   a - +0 war axe
rCold    . . .     Faith    .   c - +0 kite shield
rNeg     . . .     Spirit   .   b - +0 scale mail
rPois    .         Reflect  .   (no helmet)
rElec    .         Harm     .   (no cloak)
rCorr    .         Rampage  .   n - +0 pair of gloves
MR       +....                  (no boots)
Stlth    ..........             (no amulet)
HPRegen  0.00/turn              (no ring)
MPRegen  0.07/turn              (no ring)

@: non-regenerating
A: damage resistance, heal wounds, sense surroundings 2, no regeneration
a: Heal Wounds


You were on level 8 of the Dungeon.
You visited 2 branches of the dungeon, and saw 9 of its levels.
You also visited: Sewer.

You collected 394 gold pieces.

Inventory:

Hand Weapons
 a - a +0 war axe (weapon)
Missiles
 z - 4 throwing nets (quivered)
Armour
 b - a +0 scale mail (worn)
 c - a +0 kite shield (worn)
 n - a +0 pair of gloves (worn)
   (You found it on level 5 of the Dungeon)
Jewellery
 v - an uncursed ring of flight {unknown}
   (You found it on level 5 of the Dungeon)
 x - an uncursed ring of see invisible {unknown}
   (You found it on level 5 of the Dungeon)
Wands
 g - a wand of digging (2)
   (You took it off Ijyb on level 3 of the Dungeon)
 B - a wand of enslavement (12)
   (You found it on level 7 of the Dungeon)
Scrolls
 e - 2 scrolls of magic mapping {unknown}
 f - 10 scrolls of identify {unknown}
 i - 2 scrolls of enchant weapon {unknown}
 j - 4 scrolls of immolation {unknown}
 k - 7 scrolls of enchant armour {unknown}
 l - 2 scrolls of blinking {unknown}
 o - 4 scrolls of teleportation {unknown}
 q - 4 scrolls of fear {unknown}
 s - 3 scrolls of remove curse {unknown}
 y - 2 scrolls of amnesia {unknown}
 A - 2 scrolls of noise {unknown}
Potions
 d - a potion of might
 h - 2 potions of brilliance {unknown}
 m - a potion of ambrosia {unknown}
 p - 5 potions of curing {unknown}
 r - 4 potions of haste {unknown}
 t - a potion of cancellation {unknown}
 u - a potion of flight {unknown}
 w - a potion of degeneration {unknown}


   Skills:
 * Level 8.1 Fighting
 * Level 9.3 Axes
 + Level 7.1 Armour
 + Level 5.3 Dodging
 - Level 4.2 Shields


You had 8 spell levels left.
You didn't know any spells.
Your spell library was empty.

Dungeon Overview and Level Annotations

Branches:
Dungeon (8/15)             Temple (1/1) D:7           Sewer (visited)
   Lair: D:8-11

Altars:
Ashenzari
Cheibriados
Dithmenos
Fedhas
Gozag
Hepliaklqana
Nemelex Xobeh
Okawaru
Qazlal
Sif Muna
Vehumet
Wu Jian
Xom
Yredelemnul
Zin
The Shining One

Shops:
D:4 }

Annotations:
D:5 2 transporters, slayr's ghost, novice MfTm


Innate Abilities, Weirdness & Mutations

You are resistant to damage.
You can heal yourself by infusing magical energy.
You passively map the area around you.
You do not regenerate.


Message History

You are too injured to fight recklessly!
You are too injured to fight recklessly!
You are too injured to fight recklessly!
You are too injured to fight recklessly!
You are too injured to fight recklessly!
You are too injured to fight recklessly!
You are too injured to fight recklessly!
You are too injured to fight recklessly!
You are too injured to fight recklessly!
You are too injured to fight recklessly!
You are too injured to fight recklessly!
Your magical essence is drained by the effort!
You feel much better.
The electric eel shoots out a bolt of lightning at you!
The bolt of electricity hits you! x2
* * * LOW HITPOINT WARNING * * *
The orc warrior hits you with a +0 hand axe!
* * * LOW HITPOINT WARNING * * *
Okay, then.
Are you sure you want to abandon this character and quit the game? (Confirm with "yes".)

* * * #.........#
#...# #. ###.#..####
#...# #.
**..........# #...#
#. * ##....≈≈≈†###
*...# *#. *
,...≈≈≈≈#≈...# .. ,
.. * ≈≈≈≈#≈≈≈≈...# #
, * # *
≈#≈≈≈≈#≈≈≈..##.### ,
*** ,
,≈≈≈#≈≈≈≈#≈.......#,
,
.≈≈≈≈#≈≈≈≈@o##.#.#*
,* ** ≈#≈≈≈≈#≈≈≈o# #
, *, ≈#≈≈≈;#≈o# , ,,
,,, ≈≈≈#≈≈≈≈O#* * *
, ,,≈#≈≈≈≈....# *, ,
≈≈.....#.# * *
...##....# * , * ,
.#. ##.,.. , , * * *


You could see a two-headed ogre, an orc warrior, an electric eel and 2 orcs.

Vanquished Creatures
  Harold (D:7)
  Pikel (D:5)
  Grinder (D:3)
  Sigmund (D:3)
  A black bear (D:6)
  An ice beast (D:6)
  2 phantoms
  2 centaurs
  2 ogres
  2 big kobolds
  4 bullfrogs
  A scorpion (D:4)
  A water moccasin skeleton (D:7)
  A howler monkey (D:7)
  A lava snake (D:8)
  3 hounds
  2 jellies
  A bullfrog skeleton (D:6)
  An orc priest (D:8)
  4 orc wizards (D:8)
  Ijyb (D:3)
  3 iguanas
  4 worker ants
  7 gnolls
  2 river rats (Sewer)
  19 adders
  A white imp (D:8)
  5 oozes
  An adder zombie (D:8)
  4 worms
  2 dart slugs
  6 leopard geckos
  7 orcs
  7 giant cockroaches
  5 goblins
  5 hobgoblins
  8 jackals
  3 quokkas
  A ball python (D:4)
  5 bats
  3 frilled lizards
  A jackal skeleton (D:6)
  18 kobolds
  2 quokka skeletons (D:6)
  7 rats
  A spectral orc (D:5)
161 creatures vanquished.

Notes
Turn   | Place    | Note
-------+----------+-------------------------------------------
     0 | D:1      | Flugslaktarn the Deep Dwarf Fighter began the quest for the
                  | Orb.
     0 | D:1      | Reached XP level 1. HP: 20/20 MP: 1/1
    45 | D:1      | Reached XP level 2. HP: 27/27 MP: 2/2
   358 | D:2      | Reached XP level 3. HP: 32/34 MP: 3/3
   378 | D:3      | Noticed Grinder
   382 | D:3      | Noticed Ijyb
   394 | D:3      | Paralysed by Grinder for 6 turns
   400 | D:3      | Killed Ijyb
   400 | D:3      | Reached skill level 3 in Axes
   407 | D:3      | Paralysed by Grinder for 6 turns
   416 | D:3      | Killed Grinder
   416 | D:3      | Reached skill level 4 in Axes
   416 | D:3      | Reached XP level 4. HP: 38/44 MP: 3/3
   416 | D:3      | Reached XP level 5. HP: 43/50 MP: 4/4
   496 | D:4      | Reached XP level 6. HP: 27/57 MP: 5/5
   510 | D:4      | Found a glowing drain.
   535 | Sewer    | Entered a sewer
   702 | Sewer    | Reached skill level 1 in Dodging
   983 | D:4      | Reached skill level 5 in Axes
   999 | D:4      | Found Elipsug's Gadget Emporium.
  1022 | D:4      | Reached XP level 7. HP: 50/66 MP: 0/5
  1366 | D:4      | Reached skill level 5 in Fighting
  1559 | D:5      | Entered Level 5 of the Dungeon
  1685 | D:5      | Reached skill level 5 in Armour
  1725 | D:5      | Found a transporter.
  1725 | D:5      | Noticed slayr's ghost (novice MfTm)
  1730 | D:5      | Found a transporter.
  1759 | D:5      | Noticed Pikel
  1788 | D:5      | Killed Pikel
  1788 | D:5      | Reached skill level 6 in Axes
  1788 | D:5      | Reached XP level 8. HP: 67/76 MP: 5/5
  1843 | D:5      | Found a shadowy altar of Dithmenos.
  1844 | D:5      | Found a hazy altar of Hepliaklqana.
  2002 | D:5      | Found a basalt altar of Yredelemnul.
  2139 | D:5      | Found a glowing golden altar of the Shining One.
  2334 | D:6      | Reached skill level 7 in Axes
  2891 | D:7      | Noticed Harold
  2906 | D:7      | Killed Harold
  2906 | D:7      | Reached skill level 8 in Axes
  2906 | D:7      | Gained mutation: You passively map the area around you.
                  | [Deep Dwarf growth]
  2906 | D:7      | Reached XP level 9. HP: 37/86 MP: 3/3
  3214 | D:7      | Found an iron altar of Okawaru.
  3294 | D:7      | Found a staircase to the Ecumenical Temple.
  3360 | D:7      | Reached skill level 5 in Dodging
  3397 | Temple   | Entered the Ecumenical Temple
  3676 | D:3      | You fall into a shaft and drop 1 floor!
  3714 | D:3      | Found an opulent altar of Gozag.
  3873 | D:3      | Noticed Sigmund
  3884 | D:3      | Killed Sigmund
  3884 | D:3      | Reached skill level 9 in Axes
  4082 | D:2      | Found an opulent altar of Gozag.
  4876 | D:8      | Noticed a two-headed ogre
  4883 | D:8      | Quit the game

Illustrated notes

Levels and vault maps discovered:
D:1:      dpeg_arrival_rhombus, layout_basic
D:2:      layout_loops_ring, nicolae_gozag_cash_rules_everything_around_me
D:3:      layout_rooms, lemuel_coloured_pillars_altar, uniq_grinder, uniq_ijyb,
          uniq_sigmund
D:4:      layout_gridville, serial_shops, nicolae_shop_waterfront,
          portal_sewer_entry_f
D:5:      layout_rooms, riverfiend_overflow_shadow_ancestor,
          yredelemnul_forgotten_temple_becter, lemuel_round_altar,
          gammafunk_ghost_mausoleum, dk_rats_in_the_wall, uniq_pikel
D:6:      layout_gridville
D:7:      layout_loops_ring, lemuel_crystal_altar,
          minmay_temple_entry_sparse_star, uniq_harold
D:8:      layout_loops_cross, nicolae_lava_and_water, uniq_maggie
Temple:   cyrus_temple_forest

Skill      XL: |  1  2  3  4  5  6  7  8  9 |
---------------+----------------------------+-----
Fighting       | 3 4 6 7 8 |  8.1
Axes           | 4 5 6 8 9 |  9.3
Armour         | 4 5 6 7 |  7.1
Shields        | 4 |  4.2
Dodging        | 1 3 4 5 |  5.3

Action                   |  1- 3 |  4- 6 |  7- 9 || total
-------------------------+-------+-------+-------++-------
Melee: War axe           |    67 |   192 |   420 ||   679
 Abil: Heal Wounds       |     2 |     2 |    14 ||    18
Armor: Scale mail        |    56 |    70 |   157 ||   283
Dodge: Dodged            |    30 |    60 |   141 ||   231
Block: Kite shield       |    59 |    96 |   233 ||   388

Table legend: (Time is in decaauts)
 A = Elapsed time spent in this place.
 B = Non-inter-level travel time spent in this place.
 C = Inter-level travel time spent in this place.
 D = Time resting spent in this place.
 E = Time spent auto-exploring this place.
 F = Levels seen in this place.
 G = Mean time per level.
                   A        B        C        D        E       F      G
               +--------+--------+--------+--------+--------+-----+--------+
         Total |   5107 |   4683 |    424 |      0 |   3347 |  10 |  510.7 |
       Dungeon |   4622 |   4223 |    399 |      0 |   3126 |   8 |  577.8 |
        Temple |     93 |     69 |     24 |      0 |     68 |   1 |   93.0 |
         Sewer |    390 |    390 |      0 |      0 |    152 |   1 |  390.0 |
               +--------+--------+--------+--------+--------+-----+--------+

Top non-repeatable levels by time:
     D:4: 870 daAuts
     D:6: 770 daAuts
     D:5: 679 daAuts
     D:7: 656 daAuts
     D:2: 653 daAuts
     D:3: 513 daAuts
   Sewer: 390 daAuts
     D:8: 277 daAuts
     D:1: 200 daAuts
  Temple: 93 daAuts
